 Dungeon Crawl Stone Soup version 0.28.0 (webtiles) character file.

Game seed: 1708995214646233380

135 SnakkuSnakku7 the Magician (level 5, -8/38 HPs)
             Began as a Djinni Gladiator on Feb 10, 2022.
             Mangled by a small abomination (10 damage)
             ... on level 1 of the Abyss.
             The game lasted 00:03:19 (2898 turns).

SnakkuSnakku7 the Magician (Djinni Gladiator)       Turns: 2898, Time: 00:03:20

Health: -8/38      AC:  4    Str: 13    XL:     5   Next: 41%
Gold:   95         EV: 12    Int: 11    God:
                   SH:  0    Dex: 15

rFire   + + .      SeeInvis .   e - +1 whip (elec)
rCold   x . .      Faith    .   (no shield)
rNeg    . . .      Spirit   .   b - +0 leather armour
rPois   ∞          Reflect  .   c - +0 helmet
rElec   .          Harm     .   (no cloak)
rCorr   .          Rampage  .   (no gloves)
Will    .....                   (boots unavailable)
Stlth   +.........              (no amulet)
HPRegen 0.12/turn               (no ring)
MPRegen 0.00/turn               (no ring)

@: flying
A: sickness immunity, fire resistance 2, cold vulnerability 1, float, innate
caster, HP casting, extra vitality 1
a: no special abilities


You were on level 1 of the Abyss.
You visited 1 branch of the dungeon, and saw 3 of its levels.
You visited the Abyss 1 time.

You collected 95 gold pieces.

Inventory:

Hand Weapons
 a - a +0 quarterstaff
 e - a +1 whip of electrocution (weapon)
Missiles
 d - 3 throwing nets (quivered)
 f - 7 poisoned darts
Armour
 b - a +0 leather armour (worn)
 c - a +0 helmet (worn)
Wands
 h - a wand of digging (7)
 n - a wand of polymorph (9)
Scrolls
 i - 2 scrolls of identify
 j - a scroll of immolation {unknown}
 k - a scroll of fear {unknown}
Potions
 l - a potion of haste {unknown}
 m - a potion of lignification


   Skills:
 - Level 2.0 Fighting
 - Level 2.6 Staves
 - Level 1.5 Throwing
 - Level 3.2 Dodging
 + Level 3.5 Spellcasting


You had 8 spell levels left.
You knew the following spells:

 Your Spells              Type           Power      Damage    Failure   Level
a - Summon Small Mammal   Summ           36%        N/A       8%          1
b - Blink                 Tloc           18%        N/A       12%         2
Your spell library was empty.

Dungeon Overview and Level Annotations

Branches:
Dungeon (3/15)

Altars:


Innate Abilities, Weirdness & Mutations

You are immune to sickness and miasma.
You are immune to poison.
Your flesh is very heat resistant. (rF++)
You are vulnerable to cold. (rC-)
You float through the air rather than walking.
You learn spells naturally, not from books.
Your magical power is your life essence.
You have superior vitality. (+4 MHP)


Message History

A starspawn tentacle comes into view.
A starspawn tentacle comes into view.
The starspawn tentacle grabs you. The starspawn tentacle constricts you.
You escape the starspawn tentacle's grasp.
A ynoxinul comes into view.
The ynoxinul bellows!
A small abomination comes into view.
The small abomination hits you!
A brown very ugly thing comes into view.
A thrashing horror comes into view.
Found a gateway leading deeper into the Abyss.
The thrashing horror roars!
You hear a horrible gurgling sound!
A brown very ugly thing comes into view.
A brown ugly thing comes into view.
The thrashing horror tramples you.
You hold your ground!
The thrashing horror barely misses you.
Found a gateway leading deeper into the Abyss.
The thrashing horror roars!
Something shouts, "Remove thy stench, thou vain shard-borne clack-dish!"
You hear a horrible gurgling sound! x2
The thrashing horror tramples you!
You hold your ground!
The thrashing horror closely misses you.
A white imp comes into view.
A brown very ugly thing comes into view.
You hear a horrible gurgling sound!
The thrashing horror barely misses you.
The thrashing horror closely misses you.
Unknown command.
A brown very ugly thing comes into view.
Unknown command.
As you read the scroll labelled CETOCUNKAXE, it crumbles to dust.
It is a scroll of identify.
m - a potion of lignification The small abomination hits you!
* * * LOW HITPOINT WARNING * * *
Okay, then.
As you read the scroll labelled AFODASHEFUR, it crumbles to dust.
It is a scroll of amnesia.
You feel forgetful for a moment. The small abomination hits you!
You die...

#... ##...# ...# ..
##. ##>#.## ##.## #.#
#...###...### ..###...
#.....#....5#.....#...
........3.X3x.........
#... .#.....#X....#.
##...###... ##.u.##
##.## #.## ##x##
##...# #...# #@.>#
.....#.....#.....# .
..................
#.....#.....#.....#...
.. .
..................
#... .#.....#.....#..
.
##...###...###...###.
#.# #.##


You could see a brown very ugly thing and a small abomination.

Vanquished Creatures
  Jessica (D:2)
  5 adders (D:3)
  A worm (D:2)
  A dart slug (D:3)
  An orc (D:3)
  5 endoplasms
  4 giant cockroaches (D:1)
  5 hobgoblins
  4 jackals (D:1)
  4 kobolds
  4 quokkas
  6 ball pythons
  2 bats
  3 frilled lizards
  4 goblins
  8 rats
58 creatures vanquished.

Vanquished Creatures (others)
  2 starspawn tentacles (Abyss:1)
2 creatures vanquished.

Grand Total: 60 creatures vanquished

Notes
Turn   | Place    | Note
-------+----------+-------------------------------------------
     0 | D:1      | SnakkuSnakku7 the Djinni Gladiator began the quest for the
                  | Orb.
     0 | D:1      | Reached XP level 1. HP: 18/18 MP: 0/0
   351 | D:1      | Reached skill level 1 in Spellcasting
   351 | D:1      | Reached XP level 2. HP: 23/23 MP: 0/0
   482 | D:1      | Reached XP level 3. HP: 14/28 MP: 0/0
   482 | D:1      | Learned a level 1 spell: Summon Small Mammal
  1298 | D:2      | Noticed Jessica
  1301 | D:2      | Killed Jessica
  1302 | D:2      | Reached XP level 4. HP: 21/33 MP: 0/0
  2257 | D:3      | Reached XP level 5. HP: 38/38 MP: 0/0
  2257 | D:3      | Learned a level 2 spell: Blink
  2769 | D:3      | Cast into level 1 of the Abyss (orc)
  2783 | Abyss:1  | Noticed a small abomination
  2801 | Abyss:1  | Noticed a large abomination
  2839 | Abyss:1  | Noticed a tentacled starspawn
  2868 | Abyss:1  | Found a snail-covered altar of Cheibriados.
  2875 | Abyss:1  | Noticed a ynoxinul
  2876 | Abyss:1  | Noticed a small abomination
  2886 | Abyss:1  | Noticed a brown very ugly thing
  2887 | Abyss:1  | Noticed a thrashing horror
  2888 | Abyss:1  | Noticed a brown very ugly thing
  2888 | Abyss:1  | Noticed a brown ugly thing
  2891 | Abyss:1  | Noticed a brown very ugly thing
  2893 | Abyss:1  | Noticed a brown very ugly thing
  2898 | Abyss:1  | Mangled by a small abomination

Illustrated notes

Levels and vault maps discovered:
D:1:      mushboom_english_gardens, layout_loops_ring, roderic_roman_lattice
D:2:      layout_loops_ring, minmay_misc_feat_hallway, uniq_jessica
D:3:      layout_basic, minivault_4
Abyss:1:  base: Temple, evilmike_abyss_exit_chaos

Skill      XL: |  1  2  3  4 |
---------------+-------------+-----
Spellcasting   | 1 2 3 |  3.5
Fighting       | |  2.0
Staves         | |  2.6
Throwing       | |  1.5
Dodging        | |  3.2

Action                   |  1- 3 |  4- 6 || total
-------------------------+-------+-------++-------
Melee: Quarterstaff      |    17 |       ||    17
       Whip              |    81 |   108 ||   189
  Use: Scroll            |       |     2 ||     2
 Stab: Sleeping          |     2 |     2 ||     4
Armor: Leather armour    |    27 |    38 ||    65
Dodge: Dodged            |    66 |    75 ||   141
